 Dungeon Crawl Stone Soup version 0.21-a0-352-g5b8f553 (webtiles) character file.

27800 4thArraOfDagon the Carver (level 12, -9/97 HPs)
             Began as a Demigod Gladiator on Oct 10, 2017.
             Shot with an arrow by a centaur warrior (23 damage)
             ... on level 14 of the Dungeon.
             The game lasted 00:36:59 (9014 turns).

4thArraOfDagon the Carver (Demigod Gladiator)       Turns: 9014, Time: 00:36:59

Health: -9/97      AC: 15    Str: 15    XL:     12   Next: 71%
Magic:  19/19      EV:  9    Int: 20    God:
Gold:   811        SH:  0    Dex: 17    Spells: 8/16 levels left

rFire    . . .     SeeInvis .   z - +8 great sword "Diacifog" {slice, rN++}
rCold    . . .     Gourm    .   (shield currently unavailable)
rNeg     + + .     Faith    .   s - +1 plate armour {MR+}
rPois    .         Spirit   .   r - +0 helmet
rElec    .         Reflect  .   (no cloak)
rCorr    .         Harm     .   (no gloves)
MR       ++++.     Clarity  +   h - +0 pair of boots
Stlth    ..........             R - amulet of regeneration
HPRegen  0.66/turn              b - +2 ring of slaying
MPRegen  0.16/turn              Q - ring of protection from magic

@: about to teleport, drained
A: clarity, high mp 1, magic resistance 1, mutation resistance 1, sense
surroundings 1, weak 1
a: no special abilities


You were on level 14 of the Dungeon.
You were not hungry.

You visited 1 branch of the dungeon, and saw 14 of its levels.
You also visited: Sewer.

You collected 811 gold pieces.

Inventory:

Hand Weapons
 z - the +8 great sword "Diacifog" (weapon) {slice, rN++}
   (You found it on level 5 of the Dungeon)

   It inflicts extra damage upon your enemies.
   It greatly protects you from negative energy.
 B - a +0 blowgun
 E - a +2 scimitar of electrocution
 V - the +10 falchion of Watchfulness {venom, *Noise MR+ Int+4}
   (You found it on level 12 of the Dungeon)

   It poisons the flesh of those it strikes.
   It affects your intelligence (+4).
   It affects your resistance to hostile enchantments.
   It may make noises in combat.
 Y - a +2 demon blade of draining
Missiles
 d - 3 throwing nets (quivered)
 w - 15 javelins
 P - 7 exploding tomahawks
 U - 7 curare-tipped needles
Armour
 h - a +0 pair of boots (worn)
 r - a +0 helmet (worn)
 s - a +1 plate armour of magic resistance (worn)
 X - +0 ice dragon scales
 Z - a +1 shield of protection
Jewellery
 b - a +2 ring of slaying (left hand)
 c - an uncursed ring of fire
 Q - a ring of protection from magic (right hand)
 R - an amulet of regeneration (around neck)
Wands
 a - a wand of scattershot (1/9)
 j - a wand of confusion (1/48)
 H - a wand of lightning (3/15)
 J - a wand of digging (20/24)
 S - a wand of paralysis (11/24)
Scrolls
 i - 3 scrolls of holy word {unknown}
 v - 2 scrolls of immolation {unknown}
 x - 4 scrolls of magic mapping
 y - a scroll of enchant weapon {unknown}
 A - 5 scrolls of teleportation
 C - 3 scrolls of fog {unknown}
 D - a scroll of noise {unknown}
 F - 4 scrolls of enchant armour {unknown}
 I - 4 scrolls of remove curse
 K - 2 scrolls of blinking
 L - 10 scrolls of recharging {unknown}
 N - 2 scrolls of fear {unknown}
 T - a scroll of amnesia {unknown}
Potions
 e - 2 potions of ambrosia {unknown}
 g - a potion of resistance
 k - 6 potions of brilliance
 l - a potion of lignification
 m - 2 potions of curing
 n - 4 potions of magic
 o - a potion of invisibility {unknown}
 q - 4 potions of heal wounds
 t - 4 potions of might
 G - 2 potions of haste {unknown}
 M - a potion of degeneration {unknown}
 O - 2 potions of berserk rage {unknown}
Comestibles
 f - 8 bread rations
 p - 2 royal jellies
 u - 6 meat rations
 W - 4 chunks of flesh


   Skills:
 + Level 6.7(6.6) Fighting
 * Level 14.1(14.0) Long Blades
   Level 2.6 Staves
 - Level 1.7 Throwing
 - Level 4.4(4.3) Armour
 * Level 10.6 Dodging
 + Level 2.7(2.6) Spellcasting
 - Level 5.1 Evocations


You had 8 spell levels left.
You knew the following spells:

 Your Spells              Type           Power        Failure   Level  Hunger
a - Blink                 Tloc           N/A          100%        2    ##.....
b - Mephitic Cloud        Conj/Pois/Air  #.......     100%        3    ###....
c - Regeneration          Chrm/Necr      #.........   100%        3    ###....


Dungeon Overview and Level Annotations

Branches:
Dungeon (14/15)            Temple (0/1) D:4            Lair (0/6) D:11
    Orc (0/2) D:11         Vaults (0/5) D:14

Shops:
D:14 %

Annotations:
D:4 exclusion: statue
D:9 1 runed door


Innate Abilities, Weirdness & Mutations

You have an increased reservoir of magic. (+10% MP)
You possess an exceptional clarity of mind.
You are resistant to hostile enchantments. (MR+)
You are somewhat resistant to further mutation.
You passively map a small area around you.
You are weak. (Str -2)


Message History

The arrow hits you!
The centaur warrior shoots an arrow.
The arrow hits you!
An orc warrior and a centaur warrior come into view.
You see here 3 arrows.
The centaur warrior wields a longbow.
The centaur warrior shoots an arrow.
The arrow hits you!
There is an open door here.
You see here an arrow.
Unknown command.
Unknown command.
Unknown command.
Okay, then.
Unknown command.
As you read the scroll of teleportation, it crumbles to dust.
You feel strangely unstable.
The centaur warrior shoots an arrow.
The arrow hits you!
* * * LOW HITPOINT WARNING * * *
The centaur warrior shoots an arrow.
The arrow hits you!
* * * LOW HITPOINT WARNING * * *
The centaur warrior shoots an arrow.
The arrow hits you!!
You die...

#..# *, o.....,, #..#,,*
,..oc., , #..#, ,,*#.cc#
#..# #..#,, *##...## , #..#
#..# ,#.##.....##.# #..#
#..# #....(......#, #..##
#..#* #'###8(8###'# *#...#
#..## , ##(## , ##...# #...#
,#@..# #....###
#.#.#######...#######.#.....
#........###'###........####
#.......................#
#........#.#.#.#........#
#.......................#
#.......................#
#####..........####.##.##
###########........#


You could see 3 centaur warriors and an orc warrior (wandering).

Vanquished Creatures
  A vault guard (D:14)
  A hydra (D:12)
  An ice dragon (D:13)
  5 two-headed ogres
  A centaur warrior (D:14)
  Sonja (D:13)
  2 unseen horrors
  2 deep elf magi (D:13)
  11 ugly things
  2 manticores
  A cyclops (D:13)
  An elephant (D:11)
  A gargoyle (D:12)
  2 freezing wraiths
  4 trolls
  7 slime creatures
  5 hippogriffs
  A spriggan (D:8)
  A wraith (D:11)
  4 wyverns
  A hungry ghost (D:11)
  8 yaks
  A steam dragon (D:11)
  Menkaure (D:6)
  2 soldier ants (D:13)
  3 water moccasins
  A sky beast (D:11)
  3 phantoms
  A hornet zombie (D:11)
  2 ice beasts
  3 black bears
  8 orc warriors
  4 ogres
  12 centaurs
  3 crocodiles
  A big kobold (D:8)
  11 bullfrogs
  A gnoll sergeant (D:11)
  A wyvern zombie (D:10)
  3 scorpions
  12 killer bees
  3 wights (D:6)
  A howler monkey (D:12)
  2 quasits
  9 crimson imps
  2 bullfrog zombies (D:11)
  A centaur zombie (D:8)
  9 orc priests
  2 hounds
  A jelly (D:14)
  2 bullfrog skeletons
  3 centaur skeletons
  3 iguanas
  Ijyb (D:2)
  10 worker ants
  Natasha (thrice) (D:3)
  11 orc wizards
  A hound zombie (D:7)
  A hound skeleton (D:11)
  8 gnolls
  5 river rats (Sewer)
  18 adders
  3 shadow imps
  2 oozes
  6 worms
  3 dart slugs
  3 leopard geckos
  42 orcs
  16 ball pythons
  7 bats
  13 giant cockroaches
  10 goblins
  8 hobgoblins
  17 jackals
  8 quokkas
  5 frilled lizards
  15 kobolds
  28 rats
  A butterfly (D:9)
419 creatures vanquished.

Vanquished Creatures (others)
  A quokka (D:14)
1 creature vanquished.

Grand Total: 420 creatures vanquished

Notes
Turn   | Place    | Note
-------+----------+-------------------------------------------
     0 | D:1      | 4thArraOfDagon the Demigod Gladiator began the quest for the Orb.
     0 | D:1      | Reached XP level 1. HP: 17/17 MP: 3/3
   127 | D:1      | Reached XP level 2. HP: 21/24 MP: 4/4
   350 | D:1      | Reached XP level 3. HP: 23/30 MP: 5/5
   647 | D:2      | Found a glowing golden altar of the Shining One.
   988 | D:2      | Noticed Ijyb
  1008 | D:3      | Noticed Natasha
  1008 | D:3      | Noticed an ogre
  1021 | D:2      | Reached XP level 4. HP: 22/38 MP: 6/6
  1049 | D:2      | Killed Ijyb
  1306 | D:3      | You fall through a shaft for 2 floors!
  1306 | D:5      | Entered Level 5 of the Dungeon
  1516 | D:3      | Killed an ogre
  1516 | D:3      | Reached XP level 5. HP: 46/46 MP: 7/7
  1532 | D:3      | Killed Natasha
  1536 | D:3      | Noticed Natasha
  1543 | D:3      | Killed Natasha
  1733 | D:3      | Noticed Natasha
  1763 | D:3      | Killed Natasha
  1763 | D:3      | Reached XP level 6. HP: 40/53 MP: 8/8
  2043 | D:4      | Reached skill level 5 in Dodging
  2295 | D:4      | Found a staircase to the Ecumenical Temple.
  2300 | D:4      | Learned a level 2 spell: Blink
  2304 | D:4      | Learned a level 3 spell: Mephitic Cloud
  2334 | D:4      | Found a radiant altar of Vehumet.
  2380 | D:4      | Found a deep blue altar of Sif Muna.
  2701 | D:5      | Found a hide-covered altar of Uskayaw.
  2924 | D:5      | Reached skill level 5 in Fighting
  2950 | D:5      | Got an iridescent great sword
  2951 | D:5      | Identified the +8 great sword "Diacifog" {slice, rN++} (You found it on level 5 of the Dungeon)
  3060 | D:5      | Reached skill level 1 in Long Blades
  3060 | D:5      | Reached XP level 7. HP: 55/61 MP: 9/9
  3152 | D:5      | Found a sparkling altar of Nemelex Xobeh.
  3273 | D:6      | Reached skill level 2 in Long Blades
  3349 | D:6      | Noticed Menkaure
  3356 | D:6      | Killed Menkaure
  3356 | D:6      | Reached skill level 3 in Long Blades
  3394 | D:6      | Reached skill level 4 in Long Blades
  3396 | D:6      | Got an uncursed bloodstained short sword {pierce}
  3474 | D:6      | Found a glowing drain.
  3481 | Sewer    | Entered a sewer
  3644 | Sewer    | Reached skill level 5 in Long Blades
  3759 | Sewer    | Reached XP level 8. HP: 38/68 MP: 10/10
  3864 | D:6      | Reached skill level 6 in Long Blades
  3964 | D:6      | Reached skill level 7 in Long Blades
  4002 | D:6      | Found a faded altar of an unknown god.
  4002 | D:6      | Found a stormy altar of Qazlal.
  4008 | D:6      | Found a faded altar of an unknown god.
  4010 | D:6      | Found a white marble altar of Elyvilon.
  4011 | D:6      | Found a blossoming altar of Fedhas.
  4042 | D:6      | Reached skill level 8 in Long Blades
  4479 | D:7      | Reached skill level 9 in Long Blades
  4479 | D:7      | Reached XP level 9. HP: 74/74 MP: 11/11
  4594 | D:8      | Found a shattered altar of Ashenzari.
  4873 | D:8      | Reached skill level 10 in Long Blades
  5132 | D:9      | Found a runed door.
  5134 | D:9      | Found a runed door.
  5260 | D:9      | Noticed a two-headed ogre
  5265 | D:9      | Killed a two-headed ogre
  5265 | D:9      | Reached skill level 11 in Long Blades
  5507 | D:10     | Entered Level 10 of the Dungeon
  5600 | D:10     | Reached XP level 10. HP: 77/81 MP: 11/13
  5759 | D:10     | Reached skill level 1 in Armour
  5759 | D:10     | Reached skill level 1 in Evocations
  5802 | D:10     | Killed an unseen horror
  5852 | D:10     | Identified the +4 short sword of Disaster {pierce, MR+} (You took it off a centaur on level 6 of the Dungeon)
  6056 | D:11     | Reached skill level 12 in Long Blades
  6073 | D:11     | Noticed a two-headed ogre
  6078 | D:11     | Killed a two-headed ogre
  6272 | D:11     | Found a staircase to the Orcish Mines.
  6369 | D:11     | Noticed a two-headed ogre
  6377 | D:11     | Killed a two-headed ogre
  6377 | D:11     | Reached XP level 11. HP: 40/86 MP: 16/16
  6495 | D:11     | Found a staircase to the Lair.
  6567 | D:11     | Gained mutation: You are resistant to hostile enchantments. (MR+) [mutagenic meat]
  6568 | D:11     | Gained mutation: You possess an exceptional clarity of mind. [mutagenic meat]
  6569 | D:11     | Gained mutation: You are weak. (Str -2) [mutagenic meat]
  6570 | D:11     | Gained mutation: You are somewhat resistant to further mutation. [mutagenic meat]
  7005 | D:12     | Noticed a death knight
  7015 | D:12     | Noticed a phantasmal warrior
  7150 | D:12     | Got a translucent falchion
  7164 | D:12     | Identified the +10 falchion of Watchfulness {venom, *Noise MR+ Int+4} (You found it on level 12 of the Dungeon)
  7237 | D:13     | Noticed an eight-headed hydra
  7353 | D:12     | HP: 4/86 [ten-headed hydra (10)]
  7364 | D:12     | Killed a ten-headed hydra
  7486 | D:13     | Reached skill level 13 in Long Blades
  7507 | D:13     | Got a bloodstained broad axe
  7508 | D:13     | Identified the +5 broad axe "Ahiaf" {speed, Fragile rElec Dex+4} (You found it on level 13 of the Dungeon)
  7590 | D:13     | Killed an unseen horror
  7711 | D:13     | Noticed Sonja
  7718 | D:13     | Killed Sonja
  7723 | D:13     | Noticed a two-headed ogre
  7773 | D:13     | Killed a two-headed ogre
  7822 | D:13     | Noticed a two-headed ogre
  7829 | D:13     | Killed a two-headed ogre
  7829 | D:13     | Reached skill level 5 in Evocations
  7848 | D:13     | Reached XP level 12. HP: 77/95 MP: 19/19
  8001 | D:13     | Learned a level 3 spell: Regeneration
  8022 | D:13     | Noticed an ice dragon
  8077 | D:13     | Killed an ice dragon
  8244 | D:13     | Reached skill level 1 in Spellcasting
  8369 | D:14     | Reached skill level 10 in Dodging
  8379 | D:14     | Gained mutation: You passively map a small area around you. [mutagenic meat]
  8483 | D:14     | Found Xiybuojy's Food Emporium.
  8496 | D:14     | Found an opulent altar of Gozag.
  8612 | D:14     | Found a white marble altar of Elyvilon.
  8624 | D:14     | Noticed a centaur warrior
  8629 | D:14     | Killed a centaur warrior
  8629 | D:14     | Reached skill level 14 in Long Blades
  8934 | D:14     | Found a gate to the Vaults.
  8934 | D:14     | Noticed a vault guard
  8941 | D:14     | Killed a vault guard
  9010 | D:14     | Noticed a centaur warrior
  9010 | D:14     | Noticed a centaur warrior
  9012 | D:14     | Noticed a centaur warrior
  9014 | D:14     | Shot with an arrow by a centaur warrior

Vault maps used:
D:1:      lightli_arrival_lavapool, minmay_surrounded
D:2:      kennysheep_the_goblin_king, lemuel_coloured_pillars_altar,
          tso_metal_star, amethyst_overflow_temple_binary
D:3:      uniq_natasha
D:4:      vehumet_statue, led_sif_pool, minmay_temple_entry_trees,
          hangedman_abyss_or_decor_jellyfish_corner
D:5:      lemuel_doored_altar, first_bread, nemelex_spade_bored_becter
D:6:      chequers_temple_overflow_minitemple, lightli_sewer_entry_pipes,
          uniq_menkaure
D:7:      yredelemnul_altar_generic, hex_large, cheibriados_altar_1
D:8:      ashenzari_altar_1, the_bakery
D:9:      lemuel_insect_pit, kennysheep_little_box
D:11:     david_lair_generic, david_orc_2
D:13:     special_room, uniq_sonja
D:14:     evilmike_iron_armoury, david_vaults_5, elyvilon_altar_4, serial_shops,
          shop, kennysheep_mini, shop, shop,
          nicolae_gozag_cash_rules_everything_around_me, uniq_agnes
Sewer:    sewer_minmay_w

Skill      XL: |  1  2  3  4  5  6  7  8  9 10 11 12 |
---------------+-------------------------------------+-----
Fighting       | 2 3 4 5 6 |  6.7
Dodging        | 3 4 5 7 9 10 | 10.6
Long Blades    | 1 5 9 11 12 13 14 | 14.1
Armour         | 3 4 |  4.4
Evocations     | 3 5 |  5.1
Spellcasting   | 2 |  2.7
Staves         | |  2.6
Throwing       | |  1.7

Action                   |  1- 3 |  4- 6 |  7- 9 | 10-12 || total
-------------------------+-------+-------+-------+-------++-------
Melee: Quarterstaff      |    22 |       |       |       ||    22
       Whip              |    96 |   191 |       |       ||   287
       Great sword       |       |     3 |   293 |   478 ||   774
Throw: Throwing net      |       |     1 |       |     3 ||     4
Evoke: Wand              |       |     2 |     9 |    13 ||    24
  Use: Scroll            |     3 |     5 |     6 |     8 ||    22
       Potion            |       |       |     2 |     3 ||     5
 Stab: Sleeping          |     1 |       |       |       ||     1
       Held in net/web   |       |     1 |       |       ||     1
       Confused          |       |       |     1 |     4 ||     5
       Paralysed         |       |       |       |    15 ||    15
  Eat: Chunk             |       |     3 |     6 |    17 ||    26
       Fruit             |       |     4 |     6 |       ||    10
       Royal jelly       |       |       |       |     3 ||     3
Armor: Leather armour    |    22 |    15 |       |       ||    37
       Chain mail        |       |    54 |   192 |    72 ||   318
       Plate armour      |       |       |       |   220 ||   220
Dodge: Dodged            |    70 |    91 |   181 |   190 ||   532
       Rpst.: Great sword |       |       |    56 |    55 ||   111

Table legend:
 A = Spawn XP
 B = Non-spawn XP
 C = Spawn XP percentage of total XP
 D = Spawn monster count
 E = Non-spawn monster count
 F = Spawn count percentage of total count
 G = Total turns spent on level
                    A         B        C        D         E        F      G
               +---------+---------+-------+---------+---------+-------+---------
         Total |       0 |   39715 |   0.0 |       0 |     418 |   0.0 |  9014
               +---------+---------+-------+---------+---------+-------+---------
           D:1 |       0 |      57 |   0.0 |       0 |      30 |   0.0 |   639
           D:2 |       0 |     117 |   0.0 |       0 |      22 |   0.0 |   564
           D:3 |       0 |     307 |   0.0 |       0 |      32 |   0.0 |   571
           D:4 |       0 |     188 |   0.0 |       0 |       8 |   0.0 |   795
           D:5 |       0 |     292 |   0.0 |       0 |      11 |   0.0 |   714
           D:6 |       0 |    1528 |   0.0 |       0 |      40 |   0.0 |   625
           D:7 |       0 |     555 |   0.0 |       0 |       9 |   0.0 |   410
           D:8 |       0 |    1072 |   0.0 |       0 |      24 |   0.0 |   422
           D:9 |       0 |    1426 |   0.0 |       0 |      12 |   0.0 |   444
          D:10 |       0 |    3248 |   0.0 |       0 |      40 |   0.0 |   539
          D:11 |       0 |    7147 |   0.0 |       0 |      60 |   0.0 |   744
          D:12 |       0 |    3205 |   0.0 |       0 |      16 |   0.0 |   603
          D:13 |       0 |   10142 |   0.0 |       0 |      26 |   0.0 |   896
          D:14 |       0 |   10040 |   0.0 |       0 |      40 |   0.0 |   725
         Sewer |       0 |     391 |   0.0 |       0 |      48 |   0.0 |   323
               +---------+---------+-------+---------+---------+-------+---------
